 Dungeon Crawl Stone Soup version 0.30.1-4-g462c640d31 (webtiles) character file.

Game seed: 8139466343582072015

1162 shmup the Arsonist (level 8, 0/46 HPs)
             Began as a Tengu Fire Elementalist on Aug 11, 2023.
             Succumbed to a kobold brigand's poison
             ... on level 5 of the Dungeon.
             The game lasted 00:11:32 (5889 turns).

shmup the Arsonist (Tengu Fire Elementalist)        Turns: 5889, Time: 00:11:32

Health: 0/46       AC:  2    Str:  8    XL:     8   Next: 39%
Magic:  2/12       EV: 16    Int: 19    God:
Gold:   208        SH:  0    Dex: 14    Spells: 8/11 levels left

rFire   . . .        a - +1 dagger
rCold   . . .        (no shield)
rNeg    . . .        j - +0 robe
rPois   .            (helmet restricted)
rElec   .            (no cloak)
rCorr   .            (no gloves)
SInv    .            (boots unavailable)
Will    .....        (no amulet)
Stlth   ++           (no ring)
HPRegen 0.27/turn    (no ring)
MPRegen 0.13/turn

%: no passive effects
@: lethally poisoned (0 -> -12), flying quickly and evasively, quick
A: beak, talons 3, nimble flight
a: no special abilities


You were on level 5 of the Dungeon.
You visited 1 branch of the dungeon, and saw 5 of its levels.

You collected 208 gold pieces.

Inventory:

Hand Weapons
 a - a +1 dagger (weapon)
 b - a +0 sling
 e - a +0 spear
 i - a +0 scimitar
 u - a +0 trident
 w - a +0 dagger
Missiles
 h - 47 stones (quivered)
 q - 13 poisoned darts
Armour
 j - a +0 robe (worn)
Jewellery
 r - an amulet of faith
Wands
 k - a wand of mindburst (15)
 t - a wand of polymorph (5)
 v - a wand of flame (16)
Scrolls
 d - 2 scrolls of immolation
 m - 4 scrolls of poison
Potions
 c - 3 potions of berserk rage {unknown}
 f - 5 potions of magic
 g - a potion of attraction {unknown}
 l - 2 potions of lignification {unknown}
 n - 2 potions of brilliance {unknown}
 o - 2 potions of degeneration {unknown}
 p - 2 potions of mutation {unknown}
 s - a potion of might {unknown}
 x - a potion of curing {unknown}


   Skills:
 - Level 3.1 Fighting
 - Level 4.2 Dodging
 - Level 2.0 Stealth
 - Level 2.0 Spellcasting
 + Level 6.4 Conjurations
 * Level 8.2 Fire Magic


You had 8 spell levels left.
You knew the following spells:

 Your Spells              Type           Power      Damage    Failure   Level
a - Foxfire               Conj/Fire      100%       2x1d9     1%          1
b - Scorch                Fire           66%        2d8       1%          2

Your spell library contained the following spells:

 Spells                   Type           Power      Damage    Failure   Level
 Shock                    Conj/Air       56%        1d6       4%          1
 Flame Wave               Conj/Fire      29%        2d9       9%          4
 Inner Flame              Hex/Fire       17%        N/A       10%         3
 Volatile Blastmotes      Fire/Tloc      34%        2d12      10%         3
 Apportation              Tloc           2%         N/A       17%         1
 Slow                     Hex            4%         N/A       17%         1
 Confusing Touch          Hex            1%         N/A       45%         3
 Swiftness                Air            1%         N/A       45%         3
 Vampiric Draining        Necr           1%         2d6       45%         3
 Airstrike                Air            0%         2d(1-17)  86%         4
 Alistair's Intoxication  Tmut/Pois      0%         N/A       99%         5


Dungeon Overview and Level Annotations

Branches:
Dungeon (5/15) Zot: 24294
 Temple: D:4-7

Altars:
Uskayaw

Shops:
D:1 (

Annotations:
D:3 1 exclusion, Grinder


Innate Abilities, Weirdness & Mutations

You have a beak for a mouth.
You have claws for feet.
Your magical nature lets you fly swiftly and evasively.


Message History

Unknown command.
Casting: Scorch (safe; 1% risk of failure)
Confirm with . or Enter, or press ? or * to list all spells.
Flames lash the kobold brigand but do no damage.
A kobold comes into view. It is wielding a +0 club.
The kobold brigand hits you with a +0 dagger of venom.
You are poisoned.
Unknown command.
Casting: Scorch (safe; 1% risk of failure)
Confirm with . or Enter, or press ? or * to list all spells.
Flames lash the kobold brigand.
The kobold brigand is moderately wounded.
The kobold brigand's fire resistance burns away.
You feel very sick.
The kobold brigand hits you with a +0 dagger of venom.
* * * LOW HITPOINT WARNING * * *
You are more poisoned.
A kobold comes into view. It is wielding a +0 dagger.
Unknown command.
You hit the kobold brigand but do no damage.
Your kick misses the kobold brigand.
The kobold brigand is moderately wounded.
You feel very sick. The hobgoblin hits you with a +0 club.
* * * LOW HITPOINT WARNING * * *
The kobold brigand hits you with a +0 dagger of venom.
* * * LOW HITPOINT WARNING * * *
You are lethally poisoned!
Unknown command.
Okay, then.
Unknown command.
* * * LOW HITPOINT WARNING * * *
You feel very sick.
You see here a +0 dagger.
* * * LOW HITPOINT WARNING * * *
You feel very sick.
The kobold brigand is no longer more vulnerable to fire.
* * * LOW HITPOINT WARNING * * *
You feel very sick.
You die...

▒..~~▒..▒▒
▒..~~▒▒K.▒ ▒▒
▒.~~~~▒K)▒
▒▒8▒
▒.~~~~▒..▒
▒▒8...
▒.~%~~▒).▒
▒▒▒▒....
▒..~~▒▒K.▒
▒.▒>..
▒▒.~~▒.g▒▒
▒.▒▒ ▒.▒~▒).▒
▒▒.▒ ▒...▒)Q▒
▒..▒
▒▒▒....▒▒▒.▒▒
▒▒.......▒
▒▒▒▒▒▒▒▒▒


You could see a kobold brigand, a hobgoblin and 2 kobolds.

Vanquished Creatures
  Pikel (D:4)
  An ice beast (D:4)
  A lemure (D:4)
  2 kobold brigands
  A scorpion (D:4)
  A howler monkey (D:5)
  2 hounds (D:5)
  An orc priest (D:4)
  5 orc wizards
  A sleepcap (D:4)
  The ghost of Imperners the Scratcher, a weakling FeTm (D:4)
  4 adders
  2 dart slugs (D:1)
  7 orcs
  7 ball pythons
  7 endoplasms
  6 giant cockroaches
  9 goblins
  6 hobgoblins
  8 jackals
  3 quokkas
  9 bats
  5 frilled lizards
  13 kobolds
103 creatures vanquished.

Vanquished Creatures (others)
  232 foxfires
232 creatures vanquished.

Grand Total: 335 creatures vanquished

Notes
Turn   | Place    | Note
-------+----------+-------------------------------------------
     0 | D:1      | shmup the Tengu Fire Elementalist began the quest for the
                  | Orb.
     0 | D:1      | Reached XP level 1. HP: 10/10 MP: 4/4
   161 | D:1      | Reached XP level 2. HP: 15/15 MP: 1/6
   166 | D:1      | Learned a level 2 spell: Scorch
   392 | D:1      | Reached skill level 4 in Fire Magic
   544 | D:1      | Reached XP level 3. HP: 19/19 MP: 5/7
   950 | D:1      | Found Caax's Weapon Shoppe.
  1997 | D:2      | Reached skill level 1 in Fighting
  2038 | D:2      | Reached XP level 4. HP: 25/25 MP: 4/8
  2771 | D:3      | Gained mutation: Your magical nature lets you fly swiftly
                  | and evasively. [Tengu growth]
  2771 | D:3      | Reached XP level 5. HP: 30/30 MP: 4/9
  3400 | D:3      | Noticed Grinder
  4080 | D:4      | Reached XP level 6. HP: 37/37 MP: 6/10
  4220 | D:4      | Found a runed translucent door.
  4220 | D:4      | Noticed Imperners's ghost (weakling FeTm)
  4228 | D:4      | Killed Imperners's ghost
  4336 | D:4      | Reached skill level 5 in Fire Magic
  4893 | D:4      | Reached XP level 7. HP: 35/41 MP: 4/11
  4992 | D:4      | Noticed Pikel
  5020 | D:4      | Killed Pikel
  5021 | D:4      | Reached skill level 5 in Conjurations
  5021 | D:4      | Reached skill level 7 in Fire Magic
  5021 | D:4      | Reached XP level 8. HP: 46/46 MP: 1/12
  5659 | D:5      | Entered Level 5 of the Dungeon
  5662 | D:5      | Found a hide-covered altar of Uskayaw.
  5782 | D:5      | Reached skill level 8 in Fire Magic
  5889 | D:5      | Succumbed to a kobold brigand's poison

Illustrated notes

Levels and vault maps discovered:
D:1:      dpeg_arrival_chambers_temple_mockup, layout_basic, serial_shops,
          nicolae_shop_bloodbath_and_beyond, serial_corexii_hall,
          corexii_hall_statues_i, chequers_hall_statues_wall_a, hex_large
D:2:      layout_basic, due_unseen_surprise
D:3:      layout_basic, minmay_close_crescents, uniq_grinder
D:4:      layout_loops_corners, gammafunk_ghost_grave, uniq_pikel
D:5:      cheibrodos_thug_alley, layout_gridville,
          nicolae_overflow_hidden_temple, kiku_gazebo_garden_becter,
          nicolae_uskayaw_dance_hall, minivault_5,
          minmay_fractal_squares_gapless_5

Skill      XL: |  1  2  3  4  5  6  7  8 |
---------------+-------------------------+-----
Conjurations   | 2 3 5 6 |  6.4
Fire Magic     | 4 5 7 8 |  8.2
Fighting       | 1 2 3 |  3.1
Dodging        | 3 4 |  4.2
Stealth        | |  2.0
Spellcasting   | |  2.0

Action                     |  1- 3 |  4- 6 |  7- 9 || total
---------------------------+-------+-------+-------++-------
  Melee: Unarmed           |     3 |       |       ||     3
         Kick              |     3 |     5 |       ||     8
         Dagger            |     4 |    20 |     1 ||    25
         Peck              |       |     6 |       ||     6
   Fire: Sling             |     3 |       |       ||     3
   Cast: Foxfire           |    64 |    48 |    29 ||   141
         Scorch            |     3 |    39 |     8 ||    50
    Use: Scroll            |     5 |     1 |       ||     6
 Armour: Robe              |    14 |     9 |       ||    23
  Dodge: Dodged            |    42 |    42 |       ||    84
